 Dungeon Crawl Stone Soup version 0.19.5 (webtiles) character file.

197 snowfan the Conjurer (level 5, -2/31 HPs)
             Began as an Octopode Wizard on May 13, 2017.
             Slain by edgar's ghost (4 damage)
             ... on level 3 of the Dungeon.
             The game lasted 00:11:23 (3711 turns).

snowfan the Conjurer (Octopode Wizard)              Turns: 3711, Time: 00:11:24

Health: -2/31      AC:  1    Str:  5 (6)  XL:     5   Next: 75%
Magic:  0/9        EV: 13    Int: 20 (21) God:
Gold:   111        SH:  0    Dex:  8 (11) Spells: 1 memorised, 9 levels left

rFire  . . .     SeeInvis .     p - +0 hunting sling
rCold  . . .     Gourm    .     (no shield)
rNeg   . . .     Faith    .     a - +0 hat
rPois  .         Spirit   .     (no amulet)
rElec  .         Reflect  .     j - ring of teleportation (curse)
rCorr  .         Harm     .     (no ring)
MR     .....     Rnd*Tele +     (no ring)
Stlth  +++.......               (no ring)
                                (no ring)
                                (no ring)
                                (no ring)
                                (no ring)

@: no status effects
A: almost no armour, stealthy swim, amphibious, 8 rings, constrict 8, camouflage
1, gelatinous body 1
a: no special abilities


You were on level 3 of the Dungeon.
You were not hungry.

You visited 1 branch of the dungeon, and saw 3 of its levels.

You collected 111 gold pieces.

Inventory:

Hand Weapons
 g - a +0 dagger
 p - a +0 hunting sling (weapon)
Missiles
 h - 97 stones (quivered)
 o - 8 poisoned needles
Armour
 a - a +0 hat (worn)
Jewellery
 j - a cursed ring of teleportation (left tentacle)
 l - a +5 ring of dexterity {unknown}
Scrolls
 i - a scroll of magic mapping {unknown}
 k - a scroll of amnesia {unknown}
 n - a scroll of teleportation {unknown}
 q - 2 scrolls of immolation {unknown}
 s - a scroll of remove curse {unknown}
 u - a scroll of identify {unknown}
Potions
 d - a potion of resistance
 e - 2 potions of curing
Books
 b - a book of Minor Magic

   Spells                             Type                      Level
   a - Magic Dart                     Conjuration                  1
   b - Blink                          Translocation                2
   c - Call Imp                       Summoning                    2
   d - Repel Missiles                 Charms/Air                   2
   e - Slow                           Hexes                        2
   f - Conjure Flame                  Conjuration/Fire             3
   g - Mephitic Cloud                 Conjuration/Poison/Air       3
Comestibles
 c - a bread ration
 r - a meat ration
 t - 7 chunks of flesh


   Skills:
 - Level 2.0 Dodging
 - Level 2.6 Stealth
 - Level 3.0 Spellcasting
 + Level 5.4 Conjurations
   Level 1.0 Summonings
   Level 1.0 Translocations


You had 9 spell levels left.
You knew the following spells:

 Your Spells              Type           Power        Failure   Level  Hunger
a - Magic Dart            Conj           ###.         1%          1    None


Dungeon Overview and Level Annotations

Branches:
Dungeon (3/15)

Altars:

Annotations:
D:3 Grinder; edgar's ghost, amateur SpVM


Innate Abilities, Weirdness & Mutations

You cannot wear most types of armour.
You are very stealthy in the water. (Stealth+)
You are amphibious.
You can wear up to eight rings at the same time.
You can use your tentacles to constrict eight enemies at once.
Your skin changes colour to match your surroundings (Stealth+).
Your rubbery body absorbs attacks. (AC +1, EV +1)


Message History

Press: ? - help, Shift-Dir - straight line, f/p - edgar's ghost
Aim: edgar's ghost (almost destroyed)
You shoot a stone. The stone barely misses edgar's ghost.
Edgar's ghost hits you.
* * * LOW HITPOINT WARNING * * *
Firing (i - inventory):
h - 99 stones (quivered)
Press: ? - help, Shift-Dir - straight line, f/p - edgar's ghost
Aim: edgar's ghost (almost destroyed)
You shoot a stone. The stone closely misses edgar's ghost.
Edgar's ghost hits you.
* * * LOW HITPOINT WARNING * * *
Edgar's ghost says very slowly, "There's no hope."
Edgar's ghost hits you.
* * * LOW HITPOINT WARNING * * *
Firing (i - inventory):
h - 98 stones (quivered)
Press: ? - help, Shift-Dir - straight line, f/p - edgar's ghost
Aim: edgar's ghost (almost destroyed)
You shoot a stone. The stone closely misses edgar's ghost.
Edgar's ghost hits you.
You die...

.###
#...###.#.##.###.#..#.#####
#..# ##.## #.#.##.# #.##...#
##.# #.# #......# #.####.##
#..#####.# #.###.## #.###...#
.........# #.# #.## #.......#
.#.##########.###..#######...#
##.# # #...........# #...#
...# ...
#.#.#...<...####...#### ..##
....#.#(.W@................
#)#
...........................
#.# ..#(...................>.
#.# ####....>...####...####
#.# #.##...### #...# ..#
#.###.## #...# ### #<# ###
#...# ##### #.# #####...#
....####### #.# #......##


You could see edgar's ghost.

Vanquished Creatures
  Ijyb (D:2)
  Natasha (D:2)
  2 adders (D:2)
  4 gnolls (D:3)
  An ooze (D:2)
  A worm (D:3)
  3 dart slugs (D:1)
  3 leopard geckos
  An orc (D:3)
  3 giant cockroaches
  5 goblins
  5 hobgoblins
  14 jackals
  7 kobolds
  A quokka (D:3)
  2 ball pythons
  10 bats
  8 rats
72 creatures vanquished.

Notes
Turn   | Place    | Note
-------+----------+-------------------------------------------
     0 | D:1      | snowfan the Octopode Wizard began the quest for the Orb.
     0 | D:1      | Reached XP level 1. HP: 11/11 MP: 4/4
   195 | D:1      | Reached skill level 2 in Conjurations
   195 | D:1      | Reached XP level 2. HP: 10/17 MP: 6/6
  1151 | D:1      | Reached XP level 3. HP: 21/21 MP: 2/7
  1360 | D:1      | Reached skill level 3 in Conjurations
  1569 | D:2      | Noticed Ijyb
  1598 | D:2      | Killed Ijyb
  1598 | D:2      | Reached XP level 4. HP: 11/27 MP: 0/8
  1990 | D:2      | Reached skill level 4 in Conjurations
  2352 | D:2      | Noticed Natasha
  2360 | D:2      | Killed Natasha
  2466 | D:2      | Reached XP level 5. HP: 27/31 MP: 5/9
  2974 | D:3      | Reached skill level 5 in Conjurations
  3387 | D:3      | Noticed Grinder
  3649 | D:3      | Noticed edgar's ghost (amateur SpVM)
  3711 | D:3      | Slain by edgar's ghost

Skill      XL: |  1  2  3  4  5 |
---------------+----------------+-----
Conjurations   | 2 3 4 5 |  5.4
Dodging        | |  2.0
Stealth        | |  2.6
Spellcasting   | |  3.0
Summonings     | |  1.0
Translocations | |  1.0

Action                   |  1- 3 |  4- 6 || total
-------------------------+-------+-------++-------
Melee: Unarmed           |     4 |       ||     4
       Constrict         |     3 |       ||     3
       Tentacles         |     5 |       ||     5
       Dagger            |    18 |    30 ||    48
 Fire: Hunting sling     |       |    30 ||    30
 Cast: Magic Dart        |    68 |   127 ||   195
  Use: Potion            |       |     4 ||     4
  Eat: Chunk             |     2 |     6 ||     8
Armor: Skin              |     5 |    34 ||    39
Dodge: Dodged            |    14 |    48 ||    62
